 Dungeon Crawl Stone Soup version 0.29.1-15-g9cfb28693d (webtiles) character file.

Game seed: 13852320100025618504

17 BuddhaDhamma the Chopper (level 2, -2/26 HPs)
             Began as a Minotaur Berserker on Mar 7, 2023.
             Was a Follower of Trog.
             Succumbed to a kobold's poison
             ... on level 1 of the Dungeon.
             The game lasted 00:00:57 (882 turns).

BuddhaDhamma the Chopper (Minotaur Berserker)        Turns: 882, Time: 00:00:58

Health: -2/26      AC:  2    Str: 27    XL:     2   Next: 44%
Magic:  1/1        EV: 12    Int:  4    God:    Trog [*.....]
Gold:   29         SH:  0    Dex:  9    Spells: 1/1 levels left

rFire   . . .      SeeInvis .   a - +0 hand axe
rCold   . . .      Faith    .   (no shield)
rNeg    . . .      Spirit   .   b - +0 animal skin
rPois   .          Reflect  .   (helmet restricted)
rElec   .          Harm     .   (no cloak)
rCorr   .          Rampage  .   (no gloves)
Will    .....                   (no boots)
Stlth   +.........              (no amulet)
HPRegen 0.08/turn               c - +6 ring of strength
MPRegen 0.07/turn               (no ring)

@: lethally poisoned (-2 -> -25)
A: horns 2, retaliatory headbutt
a: Renounce Religion, Berserk


You were on level 1 of the Dungeon.
You worshipped Trog.
Trog was aware of your devotion.
You visited 1 branch of the dungeon, and saw 1 of its levels.

You collected 29 gold pieces.

Inventory:

Hand Weapons
 a - a +0 hand axe (weapon)
Missiles
 f - 3 poisoned darts (quivered)
Armour
 b - a +0 animal skin (worn)
Jewellery
 c - a +6 ring of strength (left hand)
Scrolls
 d - a scroll of identify {unknown}
 e - a scroll of butterflies {unknown}
 g - a scroll of magic mapping {unknown}
Potions
 h - a potion of curing {unknown}


   Skills:
 - Level 3.6 Fighting
 + Level 4.7 Axes
 - Level 2.4 Armour
 - Level 2.1 Dodging


You had one spell level left.
You didn't know any spells.
Your spell library was empty.

Dungeon Overview and Level Annotations

Branches:
Dungeon (1/15)

Altars:


Innate Abilities, Weirdness & Mutations

You have a pair of horns on your head.
You reflexively headbutt those who attack you in melee.


Message History

You slash the hobgoblin!
You kill the hobgoblin!
Trog accepts your kill.
You closely miss the goblin. The goblin hits you with a +0 dagger.
You slash the goblin!
You kill the goblin!
Trog accepts your kill.
No target in view!
You see here a +0 dagger.
g - a scroll labelled HAUCWU NAETZ
Found 3 stones.
h - an inky potion A kobold comes into view.
It is wielding a +1 short sword of venom.
The kobold shouts!
The kobold hits you with a +1 short sword of venom.
You are poisoned.
You closely miss the kobold.
You feel very sick. The kobold hits you but does no damage.
You are more poisoned.
You are too injured to fight recklessly!
You are too injured to fight recklessly!
You closely miss the kobold.
You feel very sick. The kobold completely misses you.
You closely miss the kobold.
You feel sick. The kobold closely misses you.
You barely miss the kobold.
You feel very sick.
The kobold hits you with a +1 short sword of venom.
You are lethally poisoned!
You barely miss the kobold. Your headbutt misses the kobold.
* * * LOW HITPOINT WARNING * * *
You feel very sick.
The kobold hits you with a +1 short sword of venom.
* * * LOW HITPOINT WARNING * * *
You are more poisoned.
You closely miss the kobold. You headbutt the kobold.
You kill the kobold!
Trog accepts your kill.
You die...

......# ......#
......# ......#
######### ........
........#
#####.....(......#
# ............# .
#...........)# ..
#...........@#
#............#
#............# #
#............# #
#............# #
#............#
#####............#
)................#
.####............#


There were no monsters in sight!

Vanquished Creatures
  3 bats (D:1)
  An endoplasm (D:1)
  4 goblins (D:1)
  A hobgoblin (D:1)
  2 jackals (D:1)
  A kobold (D:1)
  A quokka (D:1)
  A ball python (D:1)
  A frilled lizard (D:1)
15 creatures vanquished.

Notes
Turn   | Place    | Note
-------+----------+-------------------------------------------
     0 | D:1      | BuddhaDhamma the Minotaur Berserker began the quest for the
                  | Orb.
     0 | D:1      | Reached XP level 1. HP: 19/19 MP: 0/0
   116 | D:1      | Reached skill level 4 in Axes
   177 | D:1      | Reached XP level 2. HP: 18/26 MP: 1/1
   882 | D:1      | Succumbed to a kobold's poison

Illustrated notes

Levels and vault maps discovered:
D:1:      dpeg_arrival_round_c, layout_basic

Skill      XL: |  1 |
---------------+----+-----
Axes           | 4 |  4.7
Fighting       | |  3.6
Armour         | |  2.4
Dodging        | |  2.1

Action                   || total
-------------------------++-------
Melee: Hand axe          ||    37
       Headbutt          ||     4
Armor: Animal skin       ||     7
Dodge: Dodged            ||    25
